 Dungeon Crawl Stone Soup version 0.31-a0-5-g84e6b3452c (webtiles) character file.

Game seed: 3165775951138055814

75351 Morbidden the Eclecticist (level 15, -14/84 HPs)
             Began as a Deep Elf Conjurer on May 4, 2023.
             Was a High Priest of Vehumet.
             Shot with an arrow by a centaur warrior (20 damage)
             ... on level 13 of the Dungeon on May 5, 2023.
             The game lasted 00:43:28 (24777 turns).

Morbidden the Eclecticist (Deep Elf Conjurer)      Turns: 24777, Time: 00:43:28

Health: -14/84     AC:  8    Str:  4    XL:     15   Next: 9%
Magic:  30/47      EV: 16    Int: 45    God:    Vehumet [*****.]
Gold:   874        SH:  5    Dex: 13    Spells: 14/49 levels left

rFire   . . .        a - +2 scimitar
rCold   . . .        P - orb {*channel}
rNeg    . . .        F - +2 robe {Archmagi}
rPois   .            H - +0 hat
rElec   .            v - +1 cloak
rCorr   .            X - +1 pair of gloves
SInv    .            (no boots)
Will    +....        R - amulet "Suf Utz" {Reflect Rampage *Corrode Int+8 SH+5 Stlth-}
Stlth   +            z - ring of magical power
HPRegen 0.34/turn    l - +6 ring of intelligence
MPRegen 0.30/turn

%: corrode self (3%), reflection, rampage, archmagi, channel magic (20%)
@: radiating poison
A: no striking features
a: Renounce Religion


You were on level 13 of the Dungeon.
You worshipped Vehumet.
Vehumet was extremely pleased with you.
You visited 2 branches of the dungeon, and saw 18 of its levels.
You also visited: Ice Cave and Volcano.

You collected 1435 gold pieces.
You spent 561 gold pieces at shops.

Inventory:

Hand Weapons
 a - a +2 scimitar (weapon)
 c - a +0 scimitar of freezing
 y - a +0 rapier
Missiles
 e - 43 poisoned darts
 x - 3 throwing nets
 B - 4 curare-tipped darts
Armour
 v - a +1 cloak (worn)
 E - a scarf of repulsion
 F - a +2 robe of the Archmagi (worn)
 H - a +0 hat (worn)
 M - a +0 buckler
 O - +0 steam dragon scales
 P - an orb of energy (worn)
 U - a +2 robe of fire resistance
 W - a +2 robe of resistance
 X - a +1 pair of gloves (worn)
Jewellery
 l - a +6 ring of intelligence (right hand)
 z - a ring of magical power (left hand)
 A - a +4 ring of slaying
 R - the amulet "Suf Utz" (around neck) {Reflect Rampage *Corrode Int+8 SH+5 Stlth-}
   (You bought it in a shop on level 5 of the Dungeon)

   [amulet of reflection]

   It reflects blocked missile attacks.
   Int:       It affects your intelligence (+8).
   *Corrode:  It may corrode you when you take damage.
   SH:        It affects your SH (+5).
   Rampage:   It bestows one free step when moving towards enemies.
   Stlth:     It makes you less stealthy.
Wands
 f - a wand of mindburst (5) (quivered)
 m - a wand of polymorph (10)
 p - a wand of flame (31)
 L - a wand of digging (6)
 Y - a wand of roots (3)
Scrolls
 g - 3 scrolls of enchant weapon
 h - 7 scrolls of identify
 i - 6 scrolls of teleportation
 q - 2 scrolls of butterflies {unknown}
 r - 7 scrolls of poison {unknown}
 s - 2 scrolls of fear {unknown}
 u - 4 scrolls of blinking {unknown}
 w - 4 scrolls of immolation {unknown}
 G - 4 scrolls of amnesia
 I - a scroll of enchant armour {unknown}
 S - a scroll of torment {unknown}
 V - a scroll of brand weapon {unknown}
Potions
 b - a potion of magic
 d - 11 potions of curing
 j - 6 potions of lignification
 k - 8 potions of heal wounds
 n - 2 potions of degeneration {unknown}
 o - 3 potions of berserk rage {unknown}
 t - 5 potions of mutation {unknown}
 C - a potion of cancellation
 D - a potion of brilliance
 J - 2 potions of invisibility
 K - 4 potions of flight
 N - 4 potions of attraction
 Q - 4 potions of might
 T - 2 potions of haste
Miscellaneous
 Z - a box of beasts


   Skills:
 * Level 6.5 Fighting
 * Level 6.9(7.3) Short Blades
 + Level 3.2(5.1) Long Blades
 + Level 2.8 Armour
 * Level 9.1 Dodging
 + Level 3.9 Stealth
 + Level 2.4 Shields
 * Level 17.6 Spellcasting
 * Level 10.6 Conjurations
 * Level 4.1 Summonings
 * Level 7.7 Translocations
 * Level 7.9 Fire Magic
 * Level 8.9 Air Magic
 + Level 0.2 Earth Magic
 * Level 8.1 Poison Magic
 * Level 6.3 Evocations


You had 14 spell levels left.
You knew the following spells:

 Your Spells              Type           Power      Damage    Failure   Level
a - Airstrike             Air            55%        2d(8-24)  1%          4
b - Stone Arrow           Conj/Erth      100%       3d13      1%          3
c - Starburst             Conj/Fire      55%        6d15      2%          6
d - Magic Dart            Conj           100%       1d8       1%          1
e - Searing Ray           Conj           100%       2d8       1%          2
f - Sticky Flame          Conj/Fire      100%       2d11      1%          4
s - Spellforged Servitor  Conj/Summ      51%        N/A       13%         7
x - Olgreb's Toxic Radia  Pois           100%       N/A       1%          4
z - Iskenderun's Mystic   Conj/Tloc      100%       2d19      1%          4

Your spell library contained the following spells:

 Spells                   Type           Power      Damage    Failure   Level
 Fireball                 Conj/Fire      55%        3d21      1%          5
 Lesser Beckoning         Tloc           100%       N/A       1%          2
 Dazzling Flash           Conj/Hex       100%       N/A       1%          3
 Gell's Gravitas          Tloc           100%       N/A       1%          3
 Hailstorm                Conj/Ice       93%        3d18      1%          3
 Ignite Poison            Fire/Tmut/Pois 93%        N/A       1%          3
 Teleport Other           Tloc           100%       N/A       1%          3
 Volatile Blastmotes      Fire/Tloc      100%       2d18      1%          3
 Fulminant Prism          Conj/Hex       46%        3d20      1%          4
 Spider Form              Tmut/Pois      85%        N/A       2%          3
 Beastly Appendage        Tmut           100%       N/A       3%          1
 Slow                     Hex            100%       N/A       3%          1
 Wereblood                Tmut           56%        N/A       4%          2
 Confusing Touch          Hex            56%        N/A       8%          3
 Vampiric Draining        Necr           56%        2d10      8%          3
 Anguish                  Hex/Necr       28%        N/A       17%         4
 Cause Fear               Hex            28%        N/A       17%         4
 Ice Form                 Ice/Tmut       56%        N/A       17%         4
 Metabolic Englaciation   Hex/Ice        28%        N/A       34%         5
 Ignition                 Fire           52%        3d15      50%         8
 Dragon Form              Tmut           28%        N/A       100%        7
 Enfeeble                 Hex            28%        N/A       100%        7
 Discord                  Hex            28%        N/A       100%        8
 Dragon's Call            Summ           43%        N/A       100%        9


Dungeon Overview and Level Annotations

Branches:
Dungeon (13/15)            Temple (0/1) D:6            Lair (5/5) D:9
 Shoals (0/4) Lair:2       Spider (0/4) Lair:2        Slime (0/5) Lair:5
    Orc (0/2) D:11          IceCv (visited)         Volcano (visited)
 Vaults: D:13-14

Altars:
Cheibriados
Elyvilon
Fedhas
Kikubaaqudgha
Nemelex Xobeh
Okawaru
Trog
Vehumet
Wu Jian
Xom
Zin
The Shining One

Shops:
D:5 =

Portals:
Trove: D:10 (show abyssal rune of Zot)

Annotations:
D:9 2 transporters
D:11 1 runed translucent door
Lair:5 2 runed translucent doors


Message History

The yaktaur is moderately wounded.
The yaktaur is knocked back by the mystic blast.
The mystic blast hits the centaur warrior!
The centaur warrior is moderately wounded.
The centaur warrior is knocked back by the mystic blast.
The centaur warrior wields a +0 shortbow.
The centaur warrior shoots an arrow.
The arrow hits you!
Unknown command.
Casting: Iskenderun's Mystic Blast (mildly dangerous; 1% risk of failure)
Confirm with . or Enter, or press ? or * to list all spells.
Aiming: Airstrike (mildly dangerous; 1% risk of failure)
Press: ? - help, Dir - move target, f - centaur warrior
Aim: a centaur warrior, wielding a +0 shortbow (moderately wounded, empty space bonus: 7/8)
You feel a surge of power!
The air twists around and strikes the centaur warrior!!
The centaur warrior is severely wounded.
The centaur warrior shoots an arrow.
The arrow hits you!
Casting: Airstrike (mildly dangerous; 1% risk of failure)
Confirm with . or Enter, or press ? or * to list all spells.
Aiming: Airstrike (mildly dangerous; 1% risk of failure)
Press: ? - help, Dir - move target, f/p - centaur warrior
Aim: a centaur warrior, wielding a +0 shortbow (severely wounded, empty space bonus: 7/8)
You feel a surge of power!
The air twists around and strikes the centaur warrior.
The centaur warrior is severely wounded.
Magical energy flows into your mind!
The centaur warrior shoots an arrow.
The arrow hits you!
The yaktaur wields a +0 arbalest.
The yaktaur shoots a bolt.
The bolt misses you.
You hear a shout!
Unknown command.
Casting: Airstrike (mildly dangerous; 1% risk of failure)
Confirm with . or Enter, or press ? or * to list all spells.
You feel a surge of power!
You begin to radiate toxic energy.
The yaktaur is poisoned.
The centaur warrior is poisoned.
The centaur warrior shoots an arrow.
The arrow hits you!!
* * * LOW HITPOINT WARNING * * *
The yaktaur shoots a bolt.
The bolt hits you.
* * * LOW HITPOINT WARNING * * *
The centaur warrior shoots an arrow.
The arrow hits you!!
You die...

.....................
.###########.########
.## #.# .~## #.#####
.≈≈## #[....## .~≈≈##
#.###..# .≈≈≈≈# ###
#..# .≈≈≈≈# #..#
.≈≈≈# #@.# .≈~#### #
#).# ......+
#..##.#.)#.##..
####### #...).))...#
# ###.#c.#c### ######
.......... ......
...........).. ......
#####.#).#.####
...... c.......


You could see a centaur warrior (poisoned) and a yaktaur (poisoned).

Vanquished Creatures
  Harold (D:9)
  An ogre mage (Volcano)
  3 boulder beetles
  7 hydras
  2 ironbound frosthearts (IceCv)
  A centaur warrior (D:13)
  10 two-headed ogres
  11 death yaks
  A hell knight (Volcano)
  A skeletal warrior (D:13)
  A skyshark (Lair:5)
  Lodul (D:11)
  A deep elf zephyrmancer (D:13)
  2 lindwurms (Lair:5)
  A deep elf archer (D:13)
  3 cyclopes
  2 ugly things
  An ice statue (IceCv)
  27 elephants
  10 black mambas
  3 molten gargoyles (Lair:5)
  Maurice (D:11)
  11 cane toads
  2 gargoyles
  Maggie (D:10)
  3 rime drakes
  2 kobold demonologists (D:12)
  2 centaur skeletons (D:13)
  3 yaktaurs (D:13)
  7 komodo dragons
  3 trolls (D:12)
  13 polar bears
  A hornet (D:7)
  5 blink frogs (Lair:5)
  5 slime creatures (D:12)
  A shadow (D:10)
  6 wyverns
  Sigmund (D:5)
  4 basilisks
  3 wraiths
  45 yaks
  Grum (D:8)
  2 steam dragons
  5 vampire mosquitoes
  2 acid dragons
  Duvessa (D:6)
  3 hell hounds (Lair:5)
  16 water moccasins
  2 ice beasts
  2 black bears
  27 wolves
  11 ogres
  7 centaurs
  A phantom (D:4)
  6 kobold brigands
  Blork the orc (D:5)
  11 scorpions
  10 bullfrogs
  15 wights
  Dowan (D:6)
  9 killer bees
  3 howler monkeys
  4 jellies
  5 lava snakes (Lair:5)
  8 orc priests
  5 hounds
  4 gnoll boudas
  An iron imp (D:9)
  4 iguanas
  4 sleepcaps
  16 orc wizards
  A boggart skeleton (D:13)
  35 gnolls
  8 adders
  2 white imps
  3 worms
  A dart slug (D:5)
  51 orcs
  2 endoplasms (Lair:5)
  5 giant cockroaches
  5 goblins
  5 hobgoblins
  12 jackals (D:4)
  25 kobolds
  3 quokkas
  6 ball pythons
  10 bats
  A frilled lizard (D:3)
  6 rats
  A bush (Lair:4)
  5 butterflies
583 creatures vanquished.

Vanquished Creatures (others)
  39 fungi
  30 plants
69 creatures vanquished.

Grand Total: 652 creatures vanquished

Notes
Turn   | Place    | Note
-------+----------+-------------------------------------------
     0 | D:1      | Morbidden the Deep Elf Conjurer began the quest for the
                  | Orb.
     0 | D:1      | Reached XP level 1. HP: 10/10 MP: 6/6
   286 | D:1      | Reached XP level 2. HP: 16/16 MP: 4/8
  1171 | D:2      | Learned a level 2 spell: Searing Ray
  1172 | D:2      | Reached skill level 5 in Conjurations
  1172 | D:2      | Reached XP level 3. HP: 18/20 MP: 3/10
  1904 | D:2      | Reached XP level 4. HP: 24/24 MP: 5/11
  1976 | D:3      | Reached skill level 1 in Fighting
  2733 | D:3      | Reached skill level 4 in Spellcasting
  3125 | D:4      | Reached XP level 5. HP: 29/29 MP: 8/13
  3617 | D:4      | Reached skill level 5 in Spellcasting
  3772 | D:4      | Noticed a phantom
  3777 | D:4      | Killed a phantom
  3778 | D:4      | Reached XP level 6. HP: 34/34 MP: 7/15
  4220 | D:4      | Reached skill level 1 in Long Blades
  4224 | D:4      | Reached skill level 6 in Spellcasting
  4409 | D:4      | Found a white marble altar of Elyvilon.
  4686 | D:4      | Reached XP level 7. HP: 35/39 MP: 2/18
  4967 | D:4      | Reached skill level 1 in Armour
  4967 | D:4      | Reached skill level 7 in Spellcasting
  5156 | D:4      | Reached skill level 1 in Short Blades
  5463 | D:4      | Found a shimmering altar of Xom.
  5463 | D:4      | Found an ancient bone altar of Kikubaaqudgha.
  5471 | D:4      | Found a radiant altar of Vehumet.
  5473 | D:4      | Found a faded altar of an unknown god.
  5475 | D:4      | Found a faded altar of an unknown god.
  5511 | D:4      | Became a worshipper of Vehumet
  5586 | D:4      | Learned a level 4 spell: Iskenderun's Mystic Blast
  5631 | D:5      | Entered Level 5 of the Dungeon
  5631 | D:5      | Noticed Sigmund
  5662 | D:5      | Learned a level 4 spell: Sticky Flame
  5875 | D:5      | Reached XP level 8. HP: 45/45 MP: 15/21
  5967 | D:5      | Reached skill level 8 in Spellcasting
  5967 | D:5      | Reached skill level 1 in Fire Magic
  6011 | D:5      | Found Usappuj's Jewellery Boutique.
  6059 | D:5      | Reached skill level 1 in Translocations
  6264 | D:5      | Reached * piety under Vehumet
  6264 | D:5      | Offered knowledge of Kiss of Death by Vehumet.
  6634 | D:5      | Killed Sigmund
  6758 | D:5      | Noticed Blork the orc
  6774 | D:5      | Killed Blork the orc
  6936 | D:6      | Found a staircase to the Ecumenical Temple.
  6969 | D:6      | Reached XP level 9. HP: 28/50 MP: 17/23
  7298 | D:6      | Reached skill level 9 in Spellcasting
  7475 | D:6      | Noticed Duvessa
  7475 | D:6      | Noticed Dowan
  7481 | D:6      | Killed Duvessa
  7499 | D:6      | Killed Dowan
  7499 | D:6      | Offered knowledge of Momentum Strike by Vehumet.
  7654 | D:6      | Learned a level 4 spell: Olgreb's Toxic Radiance
  7710 | D:6      | Reached ** piety under Vehumet
  7711 | D:6      | Reached skill level 5 in Dodging
  8423 | D:7      | Reached skill level 1 in Poison Magic
  8497 | D:7      | Reached skill level 1 in Shields
  9316 | D:8      | Noticed Grum
  9321 | D:8      | Reached skill level 10 in Spellcasting
  9325 | D:8      | Killed Grum
  9326 | D:8      | Reached XP level 10. HP: 28/56 MP: 15/26
  9700 | D:8      | Offered knowledge of Static Discharge by Vehumet.
  9858 | D:8      | Found a bloodstained altar of Trog.
  9861 | D:8      | Found a sparkling altar of Nemelex Xobeh.
  9992 | D:8      | Found an ornate altar of the Wu Jian Council.
 10286 | D:8      | Found an iron altar of Okawaru.
 10324 | D:8      | Found a glowing silver altar of Zin.
 10324 | D:8      | Noticed an angel
 10431 | D:9      | Upgraded the game from 0.31-a0-4-gefa6de2278 to
                  | 0.31-a0-5-g84e6b3452c
 10449 | D:9      | Found a transporter.
 10534 | D:9      | Noticed an orc sorcerer
 10539 | D:9      | Found a transporter.
 10584 | D:9      | Noticed a two-headed ogre
 10586 | D:9      | Reached *** piety under Vehumet
 10608 | D:9      | Killed a two-headed ogre
 10609 | D:9      | Reached skill level 11 in Spellcasting
 10804 | D:9      | Found a staircase to the Lair.
 10852 | D:9      | Found a snail-covered altar of Cheibriados.
 10862 | D:9      | Noticed a two-headed ogre
 10869 | D:9      | Killed a two-headed ogre
 11131 | D:9      | Noticed a deep elf knight
 11237 | D:9      | Offered knowledge of Airstrike by Vehumet.
 11462 | D:9      | Noticed Harold
 11472 | D:9      | Killed Harold
 11674 | Lair:1   | Entered Level 1 of the Lair of Beasts
 11719 | D:10     | Entered Level 10 of the Dungeon
 11723 | D:10     | Noticed a two-headed ogre
 11730 | D:10     | Killed a two-headed ogre
 11731 | D:10     | Reached XP level 11. HP: 62/62 MP: 21/28
 11736 | D:10     | Learned a level 4 spell: Airstrike
 11842 | D:10     | Found a glowing golden altar of the Shining One.
 11850 | D:10     | Noticed Maggie
 11859 | D:10     | Killed Maggie
 11860 | D:10     | Reached skill level 12 in Spellcasting
 11860 | D:10     | Reached skill level 5 in Poison Magic
 12004 | D:10     | Found a blossoming altar of Fedhas.
 12165 | D:5      | Bought the amulet "Suf Utz" {Reflect Rampage *Corrode Int+8
                  | SH+5 Stlth-} for 561 gold pieces
 12663 | D:10     | Reached skill level 1 in Evocations
 12664 | D:10     | Reached skill level 1 in Air Magic
 12753 | D:10     | Found a portal to a secret trove of treasure.
 13487 | Lair:1   | Reached **** piety under Vehumet
 13661 | Lair:1   | Offered knowledge of Stone Arrow by Vehumet.
 13667 | Lair:1   | Learned a level 3 spell: Stone Arrow
 14199 | Lair:2   | Found a dark tunnel.
 14214 | Volcano  | Entered a volcano
 14230 | Volcano  | Noticed a two-headed ogre
 14234 | Volcano  | Killed a two-headed ogre
 14235 | Volcano  | Reached skill level 5 in Fire Magic
 14308 | Volcano  | Noticed a hell knight
 14309 | Volcano  | Noticed a two-headed ogre
 14309 | Volcano  | Noticed a two-headed ogre
 14313 | Volcano  | Killed a hell knight
 14314 | Volcano  | Reached skill level 5 in Fighting
 14317 | Volcano  | Killed a two-headed ogre
 14318 | Volcano  | Reached skill level 5 in Translocations
 14319 | Volcano  | Killed a two-headed ogre
 14320 | Volcano  | Reached skill level 13 in Spellcasting
 14320 | Volcano  | Reached XP level 12. HP: 68/68 MP: 29/31
 14409 | Volcano  | Noticed an ogre mage
 14409 | Volcano  | Noticed a two-headed ogre
 14409 | Volcano  | Noticed a two-headed ogre
 14413 | Volcano  | Killed a two-headed ogre
 14416 | Volcano  | Killed an ogre mage
 14417 | Volcano  | Killed a two-headed ogre
 14715 | Lair:2   | Found a hole to the Spider Nest.
 14853 | Lair:2   | Identified the +1 scale mail of Ruqis {Regen+ rCorr Str-2
                  | Dex+3}
 14858 | Lair:2   | Reached skill level 5 in Air Magic
 14912 | Lair:2   | Found a staircase to the Shoals.
 14940 | Lair:2   | Noticed a four-headed hydra
 14943 | Lair:2   | Killed a four-headed hydra
 15209 | Lair:2   | Reached skill level 5 in Short Blades
 15211 | Lair:2   | Reached skill level 14 in Spellcasting
 15687 | Lair:3   | Noticed an eight-headed hydra
 15692 | Lair:3   | Killed an eight-headed hydra
 15704 | Lair:3   | Reached ***** piety under Vehumet
 15714 | Lair:3   | Found a frozen archway.
 15785 | IceCv    | Entered an ice cave
 15872 | IceCv    | Offered knowledge of Spellforged Servitor by Vehumet.
 15883 | IceCv    | Learned a level 6 spell: Starburst
 15891 | IceCv    | Learned a level 7 spell: Spellforged Servitor
 16070 | IceCv    | Reached skill level 1 in Summonings
 16074 | IceCv    | Reached XP level 13. HP: 65/73 MP: 32/33
 16464 | IceCv    | Got the Codex of the Chill
 16465 | IceCv    | Identified the +0 ice dragon scales "Dyuwnib" {rF- rC++
                  | Will++ Int+3 Dex+2}
 16591 | IceCv    | Reached skill level 15 in Spellcasting
 17061 | Lair:3   | Reached skill level 10 in Conjurations
 17256 | Lair:3   | Reached skill level 5 in Evocations
 17601 | Lair:3   | You fall into a shaft and drop 2 floors!
 17601 | Lair:5   | Entered Level 5 of the Lair of Beasts
 17779 | Lair:5   | Found a staircase to the Slime Pits.
 18215 | Lair:5   | Reached skill level 16 in Spellcasting
 18215 | Lair:5   | Reached XP level 14. HP: 52/80 MP: 21/36
 18619 | Lair:5   | Found a large runed translucent door.
 18620 | Lair:5   | Found a large runed translucent door.
 18765 | Lair:5   | Offered knowledge of Yara's Violent Unravelling by Vehumet.
 21949 | D:11     | Found a runed translucent door.
 21975 | D:11     | Found a runed translucent door.
 21978 | D:11     | Noticed Maurice
 21982 | D:11     | Killed Maurice
 22001 | D:11     | Reached skill level 17 in Spellcasting
 22139 | D:11     | Found a staircase to the Orcish Mines.
 22362 | D:11     | Offered knowledge of Fireball by Vehumet.
 22620 | D:11     | Noticed Lodul
 22627 | D:11     | Killed Lodul
 24345 | D:12     | Identified the ring of Bawkyq {rC- rCorr Str+6 Int+2}
 24486 | D:13     | Reached XP level 15. HP: 72/84 MP: 38/38
 24777 | D:13     | Shot with an arrow by a centaur warrior

Illustrated notes

Levels and vault maps discovered:
D:1:      erik_arrival_orb_chamber, layout_basic
D:2:      layout_basic, minmay_puff
D:3:      layout_basic, palyth_stone_intersect
D:4:      lemuel_castle_with_subvaults [lemuel_castle_interior_carwin_1],
          layout_loops_ring, mainiacjoe_overflow_surrounded_room,
          chequers_temple_overflow_minitemple
D:5:      layout_rooms, minmay_shop_enchanted_jewellery, uniq_sigmund,
          uniq_blork_the_orc
D:6:      layout_basic, minmay_temple_entry_slanted, dk_noncrumbling_3,
          uniq_duvessa
D:7:      layout_basic
D:8:      layout_cave_pods, zin_angel,
          hellmonk_okawaru_the_only_friend_you_need, old_standard_altar,
          mainiacjoe_overflow_large_starburst, nicolae_straight_to_the_point,
          uniq_grum
D:9:      gammafunk_wand_slinger, layout_loops_corners, slow_altar_1,
          dpeg_oklobed_lair, uniq_harold
D:10:     layout_roguey, fedhas_altar_4, mainiacjoe_overflow_paths,
          nicolae_trove_entry_free_sample, kennysheep_small_spiral,
          lightli_orcish_oven, uniq_maggie
D:11:     lemuel_insect_pit, layout_layer_cave, orc_0_dummy, uniq_lodul,
          uniq_maurice
D:12:     layout_irregular_city
D:13:     layout_basic, hangedman_vaults_entry_quadrant_bands
Lair:1:   layout_gridlike, lemuel_fruit_fields
Lair:2:   layout_roguey, shoals_dummy_entry, spider_nest_entry_web_field,
          nicolae_volcano_entry_hallway, grunt_forest_small_clearing_treed
Lair:3:   layout_regular_city, portal_ice_cave_entry_pillars_1,
          grunt_megastairs_5, infiniplex_staircase_pool, lemuel_fruit_fields,
          lemuel_fruit_tree
Lair:4:   layout_loops_ring
Lair:5:   cheibrodos_lair_end_hotspot, layout_regular_city,
          nicolae_slime_entry_slimehenge

Skill      XL: |  1  2  3  4  5  6  7  8  9 10 11 12 13 14 |
---------------+-------------------------------------------+-----
Conjurations   | 5 6 7 8 9 10 | 10.6
Fighting       | 1 2 3 4 5 6 |  6.5
Spellcasting   | 4 5 6 7 8 10 11 13 14 16 17 | 17.6
Dodging        | 3 4 5 6 7 8 9 |  9.1
Long Blades    | 1 2 3 |  3.2
Armour         | 1 2 |  2.8
Short Blades   | 1 2 3 4 5 6 |  6.9
Fire Magic     | 2 3 4 5 6 7 |  7.9
Translocations | 2 3 4 5 6 7 |  7.7
Stealth        | 3 |  3.9
Poison Magic   | 2 4 5 6 7 8 |  8.1
Shields        | 1 2 |  2.4
Evocations     | 2 4 5 6 |  6.3
Air Magic      | 4 5 7 8 |  8.9
Summonings     | 1 2 4 |  4.1
Earth Magic    | |  0.2

Action                     |  1- 3 |  4- 6 |  7- 9 | 10-12 | 13-15 || total
---------------------------+-------+-------+-------+-------+-------++-------
  Melee: Unarmed           |     1 |       |       |       |       ||     1
         Scimitar          |       |    20 |    43 |    35 |    34 ||   132
         Punch             |       |       |     1 |       |       ||     1
  Throw: Dart              |       |       |       |       |     1 ||     1
   Cast: Magic Dart        |    57 |   123 |   115 |    28 |       ||   323
         Searing Ray       |     1 |    19 |    69 |    23 |       ||   112
         Sticky Flame      |       |       |     4 |       |     1 ||     5
         Iskenderun's Myst |       |       |    13 |    75 |   109 ||   197
         Olgreb's Toxic Ra |       |       |       |    40 |    51 ||    91
         Airstrike         |       |       |       |    95 |   220 ||   315
         Stone Arrow       |       |       |       |    14 |    18 ||    32
         Starburst         |       |       |       |       |    13 ||    13
  Evoke: Wand              |       |       |       |       |     2 ||     2
    Use: Potion            |       |       |     2 |       |     4 ||     6
         Scroll            |       |       |       |    11 |     1 ||    12
   Stab: Sleeping          |       |       |     1 |     1 |       ||     2
 Armour: Robe              |     2 |       |     3 |    14 |    25 ||    44
         Leather armour    |     1 |    20 |    16 |       |       ||    37
  Dodge: Dodged            |    11 |    48 |    51 |    39 |    59 ||   208
  Block: Other             |       |     8 |    10 |     7 |       ||    25
         Reflection        |       |     1 |       |     5 |       ||     6
         Buckler           |       |       |       |    11 |       ||    11
         Orb               |       |       |       |    13 |    19 ||    32

Table legend: (Time is in decaauts)
 A = Elapsed time spent in this place.
 B = Non-inter-level travel time spent in this place.
 C = Inter-level travel time spent in this place.
 D = Time resting spent in this place.
 E = Time spent auto-exploring this place.
 F = Levels seen in this place.
 G = Mean time per level.
                   A        B        C        D        E       F      G
               +--------+--------+--------+--------+--------+-----+--------+
         Total |  24843 |  23656 |   1187 |   1963 |  18639 |  20 | 1242.2 |
       Dungeon |  16183 |  15284 |    899 |   1335 |  11902 |  13 | 1244.8 |
          Lair |   7074 |   6786 |    288 |    326 |   5785 |   5 | 1414.8 |
      Ice Cave |   1265 |   1265 |      0 |    269 |    743 |   1 | 1265.0 |
       Volcano |    319 |    319 |      0 |     33 |    208 |   1 |  319.0 |
               +--------+--------+--------+--------+--------+-----+--------+

Top non-repeatable levels by time:
  Lair:5: 2684 daAuts
     D:4: 2574 daAuts
    D:11: 1626 daAuts
     D:6: 1593 daAuts
     D:9: 1439 daAuts
     D:8: 1375 daAuts
   IceCv: 1265 daAuts
     D:5: 1244 daAuts
  Lair:2: 1192 daAuts
  Lair:3: 1156 daAuts
     D:3: 1116 daAuts
  Lair:1: 1102 daAuts
    D:12: 1029 daAuts
     D:2: 1011 daAuts
    D:10: 990 daAuts
